 Dungeon Crawl Stone Soup version 0.20.1-1-g8b1a95d (webtiles) character file.

115 panicbit the Shield-Bearer (level 4, 0/40 HPs)
             Began as a Minotaur Fighter on Oct 30, 2017.
             Killed by divine providence
             ... invoked by an orc priest
              (14 damage)
             ... on level 3 of the Dungeon.
             The game lasted 00:02:58 (1235 turns).

panicbit the Shield-Bearer (Minotaur Fighter)       Turns: 1235, Time: 00:02:59

Health: 0/40       AC:  7    Str: 22    XL:     4   Next: 68%
Magic:  3/3        EV:  8    Int:  5    God:
Gold:   98         SH:  9    Dex:  9    Spells: 3/3 levels left

rFire    . . .     SeeInvis .   a - +0 war axe
rCold    . . .     Gourm    .   c - +0 shield
rNeg     . . .     Faith    .   b - +0 scale mail
rPois    .         Spirit   .   e - +0 hat
rElec    .         Reflect  .   (no cloak)
rCorr    .         Harm     .   (no gloves)
MR       .....                  (no boots)
Stlth    ..........             (no amulet)
Regen    0.2/turn               (no ring)
MPRegen  0.1/turn               (no ring)

@: no status effects
A: retaliatory headbutt, horns 2
a: no special abilities


You were on level 3 of the Dungeon.
You were not hungry.

You visited 1 branch of the dungeon, and saw 3 of its levels.

You collected 98 gold pieces.

Inventory:

Hand Weapons
 a - a +0 war axe (weapon)
Armour
 b - a +0 scale mail (worn)
 c - a +0 shield (worn)
 e - a +0 hat (worn)
Scrolls
 i - 2 scrolls of identify {unknown}
 k - a scroll of amnesia {unknown}
 l - a scroll of random uselessness {unknown}
 o - 2 scrolls of teleportation {unknown}
 p - a scroll of enchant armour {unknown}
 q - a scroll of enchant weapon {unknown}
Potions
 d - a potion of might
 h - 3 potions of brilliance {unknown}
 m - 2 potions of curing {unknown}
 n - a potion of lignification {unknown}
 r - a potion of haste {unknown}
 s - 2 potions of invisibility {unknown}
 t - a potion of agility {unknown}
 u - a potion of heal wounds {unknown}
Comestibles
 f - a bread ration
 g - 2 chunks of flesh
 j - a royal jelly
 v - 2 fruits


   Skills:
 + Level 4.2 Fighting
 + Level 3.8 Axes
 + Level 4.4 Armour
 + Level 0.7 Dodging
 + Level 4.6 Shields


You had 3 spell levels left.
You didn't know any spells.

Dungeon Overview and Level Annotations

Branches:
Dungeon (3/15)

Altars:


Innate Abilities, Weirdness & Mutations

You reflexively headbutt those who attack you in melee.
You have a pair of horns on your head.


Message History

You are too injured to fight recklessly!
You are too injured to fight recklessly!
Unknown command.
You closely miss the orc priest. The orc priest closely misses you.
You closely miss the orc priest. The orc priest closely misses you.
You furiously retaliate!
You headbutt the orc priest! You hit the orc priest.
You headbutt the orc priest.
You kill the orc priest!
You hit the orc priest.
The orc priest is moderately wounded.
The orc priest barely misses you.
The orc priest hits you but does no damage.
You hit the orc priest.
The orc priest is heavily wounded.
The orc priest barely misses you.
You hit the orc priest but do no damage.
The orc priest is heavily wounded.
The orc priest invokes the aid of Beogh against you.
Beogh smites you!
You die...

##. #.. #.# #.#
#.# #. ######.#
.## .##.#
#......###....#
...#
#......@o.....#
# #..#
#.....####.##.#
#.####..#
#.....#
.......###.....#
#.....####.###
#..........#
#......#####
##...#.#
#####.###.#


You could see an orc priest.

Vanquished Creatures
  2 orc priests (D:3)
  An ooze (D:1)
  A worm (D:2)
  A dart slug (D:2)
  3 leopard geckos
  2 orcs (D:3)
  4 giant cockroaches
  6 goblins
  4 hobgoblins
  2 ball pythons
  A bat (D:1)
  4 frilled lizards
  8 kobolds
  7 rats
46 creatures vanquished.

Notes
Turn   | Place    | Note
-------+----------+-------------------------------------------
     0 | D:1      | panicbit the Minotaur Fighter began the quest for the Orb.
     0 | D:1      | Reached XP level 1. HP: 19/19 MP: 0/0
    88 | D:1      | Reached XP level 2. HP: 26/27 MP: 1/1
   560 | D:2      | Reached XP level 3. HP: 27/33 MP: 2/2
  1223 | D:3      | Reached XP level 4. HP: 40/40 MP: 3/3
  1235 | D:3      | Killed from afar by an orc priest

Skill      XL: |  1  2  3 |
---------------+----------+-----
Armour         | 4 |  4.4
Fighting       | 4 |  4.2
Shields        | 4 |  4.6
Axes           | 3 |  3.8
Dodging        | |  0.7

Action                   |  1- 3 |  4- 6 || total
-------------------------+-------+-------++-------
Melee: War axe           |    98 |    12 ||   110
       Headbutt          |    11 |     1 ||    12
  Eat: Chunk             |     1 |       ||     1
Armor: Scale mail        |    37 |     3 ||    40
Dodge: Dodged            |    21 |     4 ||    25
Block: Shield            |    62 |     3 ||    65
